 Dungeon Crawl Stone Soup version 0.31-a0-43-g46d131a48f (webtiles) character file.

Game seed: 5204520580114161731

29 senseless the Insei (level 3, 0/23 HPs)
             Began as an Octopode Transmuter on May 18, 2023.
             Slain by a scorpion (3 damage)
             ... on level 2 of the Dungeon.
             The game lasted 00:01:40 (843 turns).

senseless the Insei (Octopode Transmuter)            Turns: 843, Time: 00:01:40

Health: 0/23       AC:  1    Str: 11    XL:     3   Next: 16%
Magic:  5/6        EV: 13    Int: 15    God:
Gold:   117        SH:  0    Dex: 12    Spells: 5/6 levels left

rFire   . . .        d - +0 short sword
rCold   . . .        (no shield)
rNeg    . . .        (helmet currently unavailable)
rPois   .            (no amulet)
rElec   .            (no ring)
rCorr   .            (no ring)
SInv    .            (no ring)
Will    .....        (no ring)
Stlth   ++           (no ring)
HPRegen 0.23/turn    (no ring)
MPRegen 0.10/turn    (no ring)
                     (no ring)

%: no passive effects
@: appendages
A: tentacle spike 3, almost no armour, amphibious, 8 rings, camouflage 1,
gelatinous body 1, (nimble swimmer 1), tentacles
a: End Transformation


You were on level 2 of the Dungeon.
One of your tentacles had grown a beastly spike.
You visited 1 branch of the dungeon, and saw 2 of its levels.

You collected 117 gold pieces.

Inventory:

Hand Weapons
 d - a +0 short sword (weapon)
Missiles
 j - 4 datura-tipped darts
 l - 3 poisoned darts
Scrolls
 c - a scroll of fear {unknown}
 e - a scroll of enchant armour {unknown}
 f - a scroll of enchant weapon {unknown}
 h - a scroll of blinking {unknown}
 m - a scroll of teleportation {unknown}
 n - a scroll of identify {unknown}
Potions
 a - a potion of lignification
 b - a potion of flight {unknown}
 g - 2 potions of attraction {unknown}
 i - 2 potions of curing {unknown}
 k - a potion of ambrosia {unknown}
 o - a potion of might {unknown}


   Skills:
 + Level 1.5 Fighting
 + Level 2.3 Dodging
 + Level 3.2 Unarmed Combat
 + Level 2.2 Spellcasting
 + Level 2.3 Transmutations


You had 5 spell levels left.
You knew the following spells:

 Your Spells              Type           Power      Damage    Failure   Level
a - Beastly Appendage     Tmut           16%        N/A       9%          1

Your spell library contained the following spells:

 Spells                   Type           Power      Damage    Failure   Level
 Wereblood                Tmut           8%         N/A       13%         2
 Spider Form              Tmut/Pois      5%         N/A       38%         3
 Ice Form                 Ice/Tmut       5%         N/A       80%         4


Dungeon Overview and Level Annotations

Branches:
Dungeon (2/15)

Altars:


Innate Abilities, Weirdness & Mutations

One of your tentacles has grown a beastly spike.
You cannot wear most types of armour.
You are amphibious.
You can wear up to eight rings at the same time.
Your skin changes colour to match your surroundings (Stealth+).
Your rubbery body absorbs attacks. (AC +1, EV +1)
((You are camouflaged when in or above water. (Stealth+)))
You have tentacles for arms and can constrict up to eight enemies at once.


Message History

The endoplasm jiggles.
You hit the worm but do no damage. You grab the worm. You squeeze the worm!
The worm is heavily wounded.
You constrict the worm. The worm bites you!
You hit the worm.
You pierce the worm.
You squeeze the worm.
The worm is almost dead.
You constrict the worm.
You kill the worm!
You extend your transformation's duration.
The scorpion misses you.
You hit the scorpion. Your grab misses the scorpion.
The scorpion is lightly wounded.
The scorpion stings you.
You hit the scorpion but do no damage. Your grab misses the scorpion.
The scorpion is lightly wounded.
The scorpion barely misses you.
You barely miss the scorpion. You grab the scorpion.
You pierce the scorpion, but do no damage.
The scorpion is lightly wounded.
You constrict the scorpion. The scorpion stings you!
* * * LOW HITPOINT WARNING * * *
The scorpion closely misses you.
You hit the scorpion.
The scorpion is moderately wounded.
You constrict the scorpion. The scorpion stings you.
* * * LOW HITPOINT WARNING * * *
You hit the scorpion but do no damage. You tentacle-slap the scorpion.
The scorpion is moderately wounded.
You constrict the scorpion.
The scorpion stings you but does no damage.
You hit the scorpion but do no damage.
You squeeze the scorpion, but do no damage.
The scorpion is heavily wounded.
You constrict the scorpion. The scorpion barely misses you.
You barely miss the scorpion.
You pierce the scorpion, but do no damage.
You squeeze the scorpion.
The scorpion is severely wounded.
You constrict the scorpion. The scorpion stings you.
You die...

#. .. ...# ..
#.#. .## .# ...
s.. .#.# #..
#.###...#
...##.##.....#..
#.....s)..#.#.#
#@...$.#
#.#..### #....#
#.....#..#
##.#.###.# #...
#.# ####.###.#
....[....#
########.#


You could see a scorpion.

Vanquished Creatures
  A worm (D:2)
  2 hobgoblins (D:1)
  2 jackals (D:2)
  2 kobolds
  5 quokkas
  2 ball pythons
  4 bats
  A frilled lizard (D:2)
  3 goblins
  3 rats
25 creatures vanquished.

Notes
Turn   | Place    | Note
-------+----------+-------------------------------------------
     0 | D:1      | senseless the Octopode Transmuter began the quest for the
                  | Orb.
     0 | D:1      | Reached XP level 1. HP: 13/13 MP: 3/3
   261 | D:1      | Reached XP level 2. HP: 10/18 MP: 3/5
   824 | D:2      | Noticed a scorpion
   832 | D:2      | Reached XP level 3. HP: 20/23 MP: 4/6
   843 | D:2      | Slain by a scorpion

Illustrated notes

Levels and vault maps discovered:
D:1:      eino_arrival_tree_alley, layout_rooms
D:2:      layout_loops_ring, minmay_fractal_squares_5

Action                     || total
---------------------------++-------
  Melee: Short sword       ||    57
         Constrict         ||    17
         Kick              ||    14
         Unarmed           ||     5
         Tentacles         ||    11
         Punch             ||     1
   Cast: Beastly Appendage ||    14
   Stab: Sleeping          ||     4
 Armour: Skin              ||     6
  Dodge: Dodged            ||    39

Table legend: (Time is in decaauts)
 A = Elapsed time spent in this place.
 B = Non-inter-level travel time spent in this place.
 C = Inter-level travel time spent in this place.
 D = Time resting spent in this place.
 E = Time spent auto-exploring this place.
 F = Levels seen in this place.
 G = Mean time per level.
                   A        B        C        D        E       F      G
               +--------+--------+--------+--------+--------+-----+--------+
         Total |    842 |    819 |     23 |      0 |    650 |   2 |  421.0 |
       Dungeon |    842 |    819 |     23 |      0 |    650 |   2 |  421.0 |
               +--------+--------+--------+--------+--------+-----+--------+

Top non-repeatable levels by time:
     D:1: 468 daAuts
     D:2: 373 daAuts
